 Dungeon Crawl Stone Soup version 0.32-a0-928-g1cae6b7ea0 (webtiles) character file.

Game seed: 2186932561497540912

4 Maxmaps the Ruffian (level 1, 0/13 HPs)
             Began as an Octopode Shapeshifter on Apr 12, 2024.
             Slain by a giant cockroach (1 damage)
             ... on level 1 of the Dungeon.
             The game lasted 00:00:07 (99 turns).

Maxmaps the Ruffian (Octopode Shapeshifter)           Turns: 99, Time: 00:00:08

Health: 0/13       AC:  1    Str: 13    XL:     1   Next: 70%
Magic:  1/1        EV: 12    Int: 12    God:
Gold:   31         SH:  0    Dex: 11    Spells: 0/0 levels left

rFire   . .          .
                       - Unarmed
rCold   . . .        (no shield)
rNeg    . . .        (helmet currently unavailable)
rPois   .            (no amulet)
rElec   .            (no ring)
rCorr   .            (no ring)
SInv    .            (no ring)
Will    .....        (no ring)
Stlth   ++           (no ring)
HPRegen 0.22/turn    (no ring)
MPRegen 0.07/turn    (no ring)
                     (no ring)

%: no passive effects
@: beast-form
A: beast (slay +1), almost no armour, amphibious, 8 rings, camouflage 1,
gelatinous body 1, (nimble swimmer 1), tentacles
a: Begin Untransformation


You were on level 1 of the Dungeon.
You were a hulking beast.
You visited 1 branch of the dungeon, and saw 1 of its levels.

You collected 31 gold pieces.

Inventory:

Talismans
 b - a beast talisman (active)
 c - a flux talisman
Potions
 a - a potion of lignification


   Skills:
 + Level 1.0 Fighting
 + Level 2.0 Dodging
 + Level 3.2 Unarmed Combat
 + Level 3.0 Shapeshifting


You couldn't memorise any spells.
You didn't know any spells.
Your spell library was empty.

Dungeon Overview and Level Annotations

Branches:
Dungeon (1/15)

Altars:

Annotations:
D:1 1 runed translucent door


Innate Abilities, Weirdness & Mutations

You are a hulking beast.
Your limbs bulge with bestial killing power. (Slay +1)
You cannot wear most types of armour.
You are amphibious.
You can wear up to eight rings at the same time.
Your skin changes colour to match your surroundings (Stealth+).
Your rubbery body absorbs attacks. (AC +1, EV +1)
((You are camouflaged when in or above water. (Stealth+)))
You have tentacles for arms and can constrict up to eight enemies at once.


Message History

A hobgoblin and a ball python come into view.
The hobgoblin shouts!
A rat comes into view.
A giant cockroach comes into view.
The rat moves out of view.
A giant cockroach and a quokka come into view.
The rat squeaks loudly.
The hobgoblin hits you.
The ball python hisses angrily.
You tentacle-slap the hobgoblin.
You kill the hobgoblin!
A bat comes into view.
You tentacle-slap the giant cockroach. You grab the giant cockroach.
You squeeze the giant cockroach.
You kill the giant cockroach!
The giant cockroach waves its antennae.
The giant cockroach barely misses you. The quokka barely misses you.
You tentacle-slap the bat. You grab the bat.
The bat is severely wounded.
You constrict the bat.
You kill the bat!
The giant cockroach bites you. The quokka bites you.
The rat bites you but does no damage. The giant cockroach closely misses you.
The quokka bites you.
* * * LOW HITPOINT WARNING * * *
Okay, then.
You barely miss the quokka. Your grab misses the quokka.
The rat barely misses you. The giant cockroach closely misses you.
The quokka misses you.
You tentacle-slap the quokka but do no damage.
You grab the quokka. You squeeze the quokka.
You kill the quokka!
The rat closely misses you.
The giant cockroach waves its antennae.
The giant cockroach barely misses you. The ball python bites you.
* * * LOW HITPOINT WARNING * * *
The ball python closely misses you.
You tentacle-slap the ball python.
You kill the ball python!
The rat bites you but does no damage. The giant cockroach bites you.
You die...

.......# .......#
...... .......#
...... .......#
#####...... .......#
#.......... .......#
#.ß.....ß.. ########
#.......... #########
#...B......
........###..hr>.....
#.......†......
#.##..........#
#.##..ß.....ß.#
#.##..........#
#.##......#####
#.######### ####.#
#....#


You could see a giant cockroach and a rat.

Vanquished Creatures
  A giant cockroach (D:1)
  A hobgoblin (D:1)
  A quokka (D:1)
  A ball python (D:1)
  A bat (D:1)
5 creatures vanquished.

Notes
Turn   | Place    | Note
-------+----------+-------------------------------------------
     0 | D:1      | Maxmaps the Octopode Shapeshifter began the quest for the
                  | Orb.
     0 | D:1      | Reached XP level 1. HP: 13/13 MP: 1/1
     2 | D:1      | Found a runed translucent door.
    99 | D:1      | Slain by a giant cockroach

Illustrated notes

Levels and vault maps discovered:
D:1:      dpeg_arrival_caged_fury, layout_basic, serial_park_tiny_1,
          minivault_19, hangedman_abyss_or_decor_stabs, st_stairs_1

Action                     || total
---------------------------++-------
  Melee: Unarmed           ||     6
         Constrict         ||     3
         Tentacles         ||     2
 Armour: Skin              ||     8
  Dodge: Dodged            ||     9

Table legend: (Time is in decaauts)
 A = Elapsed time spent in this place.
 B = Non-inter-level travel time spent in this place.
 C = Inter-level travel time spent in this place.
 D = Time resting spent in this place.
 E = Time spent auto-exploring this place.
 F = Levels seen in this place.
 G = Mean time per level.
                   A        B        C        D        E       F      G
               +--------+--------+--------+--------+--------+-----+--------+
         Total |     98 |     98 |      0 |      0 |     87 |   1 |   98.0 |
       Dungeon |     98 |     98 |      0 |      0 |     87 |   1 |   98.0 |
               +--------+--------+--------+--------+--------+-----+--------+

Top non-repeatable levels by time:
     D:1: 98 daAuts
